Map: [ESL] Gresvan

Players

Kas

  • Race: Terran Terran
  • Spawn Location: 11:00

DnS - Winner!

  • Race: Protoss Protoss
  • Spawn Location: 5:00

Event: ESL SC2 Masters 2023 Summer (Regionals)

VOD

Have the link to the VOD?

Description

Time

  • Played on: May 11, 2023, 9:42 a.m.
  • Length: 11:48

All games in this series

Show
View Real Time Build Order
Export as new Build Order

Kas Terran 

Build Orders:  

Get SALT Encoding   

  12  0:00  SCV  
  13  0:12  SCV  
  14  0:17  Supply Depot  
  14  0:24  SCV  
  15  0:38  SCV  
  15  0:40  Barracks  
  16  0:44  Refinery  
  16  0:50  SCV  
  16  0:52  Refinery  
  17  1:02  SCV  
  18  1:14  SCV  
  19  1:27  Orbital Command, Reaper  
  19  1:28  Supply Depot  
  20  1:41  Factory  
  20  1:52  SCV  
  21  1:59  Reaper  
  22  2:04  SCV  
  23  2:15  Command Center  
  23  2:18  SCV  
  24  2:25  Hellion  
  26  2:32  Barracks Reactor  
  26  2:33  SCV  
  27  2:38  Supply Depot  
  27  2:45  SCV  
  27  2:46  Hellion  
  30  2:57  SCV  
  31  3:12  Widow Mine, Marine x2  
  34  3:15  SCV  
  36  3:20  Starport  
  36  3:27  Orbital Command, SCV  
  36  3:31  Marine x2  
  36  3:34  Factory Tech Lab  
  39  3:39  SCV  
  36  3:52  SCV  
  36  3:55  Marine  
  36  3:58  SCV  
  37  4:04  SCV  
  37  4:05  Marine  
  39  4:10  SCV  
  39  4:13  Cyclone  
  43  4:20  SCV  
  43  4:22  SCV  
  43  4:31  Marine x2  
  41  4:33  SCV  
  41  4:36  SCV  
  42  4:45  SCV  
  43  4:47  Bunker  
  43  4:48  Cyclone  
  43  4:50  SCV  
  43  4:51  Marine  
  48  4:57  SCV  
  49  5:02  SCV  
  49  5:05  Supply Depot  
  50  5:09  SCV  
  50  5:14  SCV  
  48  5:21  Marine  
  48  5:25  SCV  
  48  5:26  SCV  
  48  5:37  SCV  
  48  5:38  SCV  
  48  5:39  Barracks  
  48  5:40  Barracks, Marine x2, Siege Tank  
  48  5:42  Supply Depot  
  55  5:44  Engineering Bay  
  55  5:49  SCV  
  56  5:50  SCV  
  57  5:58  Marine  
  57  6:01  SCV  
  57  6:02  Marine, SCV  
  61  6:05  Starport Tech Lab  
  61  6:08  Refinery  
  61  6:12  Siege Tank  
  61  6:13  SCV  
  61  6:14  Terran Infantry Weapons Level 1  
  61  6:15  SCV  
  61  6:16  Marine, Supply Depot  
  67  6:20  Marine  
  67  6:24  Raven  
  70  6:26  Barracks Tech Lab  
  70  6:30  Marine, SCV x2  
  67  6:38  Marine x2  
  69  6:42  SCV x2  
  69  6:46  Siege Tank  
  74  6:47  Stimpack  
  74  6:48  Marauder  
  75  6:54  SCV x2  
  75  6:56  Bunker  
  75  6:57  Marine  
  78  7:08  Starport Reactor  
  78  7:10  Supply Depot  
  78  7:11  Refinery, Supply Depot  
  78  7:12  Marine, SCV x2  
  78  7:13  Marauder  
  79  7:18  Marauder, Siege Tank  
  81  7:29  Marine  
  80  7:30  Marine, Bunker  
  80  7:32  Combat Shield  
  80  7:34  Marauder  
  80  7:37  Supply Depot  
  83  7:38  Supply Depot  
  83  7:42  Marauder  
  83  7:45  Medivac x2  
  83  7:47  Marine  
  88  7:56  Marauder  
  88  7:59  Marine  
  88  8:01  SCV x2  
  88  8:03  Marauder  
  88  8:05  Marine  
  91  8:06  Command Center  
  89  8:16  SCV x2  
  89  8:17  Marauder, Terran Infantry Armor Level 1  
  93  8:21  Medivac  
  93  8:24  Marauder, Missile Turret  
  97  8:27  Missile Turret  
  97  8:32  SCV, Factory Reactor  
  97  8:33  SCV  
  99  8:35  Medivac  
  99  8:38  Marauder  
  103  8:41  Marine  
  103  8:45  Barracks  
  103  8:46  Marauder  
  103  8:48  Barracks  
  103  8:49  Marine  
  102  8:59  Marine  
  102  9:00  Marauder  
  104  9:05  SCV  
  104  9:07  Marauder  
  104  9:08  Medivac  
  109  9:13  Marine, Supply Depot x2  
  109  9:14  Supply Depot  
  109  9:15  SCV, Medivac  
  109  9:16  Widow Mine x2  
  117  9:17  Marine  
  117  9:21  Marauder  
  98  9:27  SCV  
  98  9:28  Orbital Command  
  98  9:29  Marauder  
  98  9:31  Marine  
  91  9:32  Concussive Shells  
  91  9:33  Marauder  
  91  9:35  Marine, Barracks Reactor  
  91  9:37  Widow Mine x2  
  99  9:42  Marauder  
  101  9:49  Marine  
  90  9:53  Marine, Marauder  
  90  9:54  Marauder  
  90  9:58  Widow Mine x2  
  91  10:03  Marine  
  91  10:06  Marine  
  82  10:14  Marauder  
  82  10:18  Marauder, Marine x3  
  82  10:19  Medivac x2  
  82  10:20  Widow Mine x2  
  97  10:24  Marine x2  
  97  10:41  Widow Mine x2, Marine  
  97  10:42  Marine x2, Marauder x2  
  98  10:58  Marine, Marauder  
  98  10:59  Marine  
  98  11:00  Marine x2, Medivac x2  
  98  11:03  Widow Mine, Marine, Marauder  
  113  11:06  Widow Mine  
  115  11:16  Marine  
  115  11:17  Marine  
  115  11:23  Marine x2  
Show
View Real Time Build Order
Export as new Build Order

DnS Protoss - Winner!

Build Orders: 1 Gate Expand, Oracle Opening 

Get SALT Encoding   

  12  0:00  Probe  
  13  0:12  Probe  
  14  0:16  Pylon  
  14  0:24  Probe (Chrono Boost)  
  15  0:36  Probe (Chrono Boost), Gateway  
  16  0:44  Probe (Chrono Boost)  
  16  0:45  Assimilator  
  17  0:51  Probe  
  18  1:03  Probe  
  19  1:15  Probe  
  20  1:20  Nexus  
  20  1:31  Cybernetics Core  
  20  1:34  Probe  
  21  1:40  Assimilator  
  21  1:46  Probe  
  22  1:49  Pylon  
  22  1:58  Probe  
  23  2:05  Adept (Chrono Boost)  
  25  2:11  Probe  
  25  2:13  Stargate  
  26  2:23  Warp Gate  
  26  2:24  Probe (Chrono Boost)  
  26  2:25  Adept (Chrono Boost)  
  29  2:33  Probe (Chrono Boost)  
  31  2:41  Probe (Chrono Boost)  
  31  2:42  Probe (Chrono Boost)  
  32  2:47  Probe x2 (Chrono Boost)  
  34  2:59  Oracle (Chrono Boost)  
  34  3:04  Probe  
  38  3:09  Adept  
  38  3:10  Probe  
  39  3:12  Pylon  
  39  3:16  Probe  
  39  3:17  Shield Battery  
  38  3:24  Gateway  
  38  3:27  Probe  
  38  3:29  Oracle (Chrono Boost)  
  38  3:32  Shield Battery  
  42  3:35  Probe  
  42  3:39  Probe  
  41  3:47  Probe  
  39  3:51  Probe  
  34  3:59  Probe  
  31  4:03  Probe  
  32  4:11  Probe, Stalker  
  32  4:15  Probe, Twilight Council  
  35  4:19  Stalker  
  35  4:23  Probe  
  38  4:27  Probe  
  39  4:40  Probe (Chrono Boost)  
  39  4:42  Probe (Chrono Boost)  
  41  4:49  Stalker x2  
  41  4:51  Blink (Chrono Boost)  
  47  4:53  Probe (Chrono Boost)  
  47  4:56  Probe (Chrono Boost)  
  47  4:59  Probe (Chrono Boost)  
  47  5:04  Gateway  
  46  5:18  Stalker x2  
  48  5:23  Probe x2  
  48  5:26  Gateway  
  50  5:35  Probe  
  47  5:36  Probe  
  47  5:41  Stalker  
  47  5:42  Stalker  
  52  5:47  Probe  
  53  5:51  Nexus  
  53  5:57  Probe, Pylon  
  54  6:04  Assimilator  
  54  6:06  Pylon  
  54  6:15  Probe  
  54  6:17  Stalker x3  
  61  6:24  Stalker  
  63  6:26  Probe  
  63  6:28  Probe  
  65  6:33  Pylon  
  65  6:34  Forge  
  65  6:38  Probe  
  66  6:40  Probe  
  66  6:44  Stalker  
  69  6:54  Stalker x3  
  69  6:57  Charge  
  69  6:58  Pylon  
  69  6:59  Probe  
  76  7:04  Probe  
  76  7:07  Probe  
  78  7:11  Probe  
  75  7:17  Probe  
  75  7:18  Stalker x3  
  75  7:19  Probe  
  83  7:24  Protoss Ground Weapons Level 1 (Chrono Boost)  
  83  7:29  Probe  
  80  7:33  Probe  
  80  7:34  Probe  
  80  7:40  Stalker  
  80  7:41  Probe, Stalker x2  
  85  7:46  Probe x2  
  87  7:57  Probe  
  87  7:58  Probe  
  87  8:01  Gateway x2  
  87  8:04  Gateway  
  85  8:05  Gateway  
  85  8:08  Stalker x3  
  85  8:09  Gateway  
  87  8:13  Stalker  
  87  8:14  Probe  
  87  8:15  Probe x2  
  87  8:18  Assimilator  
  87  8:19  Assimilator  
  92  8:20  Shield Battery  
  92  8:31  Pylon  
  92  8:33  Zealot x3  
  98  8:37  Templar Archives  
  98  8:40  Pylon, Zealot  
  100  8:49  Templar Archives  
  100  8:52  Pylon  
  92  8:57  Zealot x5  
  92  9:00  Zealot  
  92  9:02  Zealot  
  106  9:05  Zealot  
  106  9:06  Zealot, Protoss Ground Weapons Level 2 (Chrono Boost)  
  110  9:20  Zealot x4  
  110  9:28  High Templar x2, Zealot x3  
  120  9:32  Archon  
  120  9:37  Assimilator  
  116  9:53  Nexus  
  116  9:54  Probe  
  116  9:55  Pylon  
  116  9:59  Zealot x6  
  105  10:08  Probe  
  105  10:09  Probe  
  105  10:14  Probe  
  105  10:18  Robotics Facility  
  105  10:20  Probe  
  107  10:22  High Templar x4  
  107  10:23  Zealot x3  
  107  10:26  Archon x2  
  121  10:28  Probe  
  121  10:29  Probe  
  123  10:35  Zealot  
  123  10:36  Zealot  
  127  10:46  Probe x2  
  127  10:47  Probe  
  112  10:57  Zealot x9  
  130  11:06  Photon Cannon  
  130  11:09  Observer, Shield Battery  
  130  11:11  Robotics Bay  
  131  11:23  Stalker x5  
  139  11:29  Stalker x3  
  131  11:34  Stalker  
Tags
 
Add a new tag
Caveats
  • Supply blocks, unpowered buildings, or Contaminate may cause inaccurate times.
  • Supply counts are checked every 10 seconds.